cohdb
Replays
Latest Replays
All Replays
Popular Replays
Top Player Replays
Match Explorer
How It Works
Community
CoH3 Stats
Reddit
Sign in to upload your games and track your stats! →
Sign in with Steam
Match 43426070
Unlisted
Match 43426070
Overview
Messages
Build Orders
End
Construct Barracks
Riflemen Squad
Selects Advanced Infantry Battlegroup
Engineer Squad
Riflemen Squad
Riflemen Squad
Construct Medical Station
Selects Artillery Observers
M1 Mortar Team
Infantry Support Center
Selects Convert to Ranger Squad
Grenade Package
Construct Motor Pool
M1 Anti-tank Gun Team
M1918 Browning Automatic Rifles
Selects Frontline Medical Station
Advanced Logistics
Construct Weapon Support Center
M1919 Machine Gun Team
pagep
Aerozeppelin
0
0
Comments
sign in to comment!
No comments posted yet!